 Dungeon Crawl Stone Soup version 0.20.1-1-g8b1a95d (webtiles) character file.

778 Plasmagod the Shield-Bearer (level 8, -9/61 HPs)
             Began as a Formicid Fighter on Jan 2, 2018.
             Mangled by a spatial vortex (13 damage)
             ... summoned by a spatial maelstrom
             ... on level 2 of the Abyss.
             The game lasted 00:36:25 (3586 turns).

Plasmagod the Shield-Bearer (Formicid Fighter)      Turns: 3586, Time: 00:36:26

Health: -9/61      AC:  7    Str: 21    XL:     8   Next: 10%
Magic:  8/8        EV:  9    Int:  9    God:
Gold:   207        SH: 11    Dex: 11    Spells: 7/7 levels left

rFire    . . .     SeeInvis +   a - +0 long sword
rCold    . . .     Gourm    .   c - +1 shield
rNeg     . . .     Faith    .   b - +0 scale mail
rPois    .         Spirit   .   (helmet unavailable)
rElec    .         Reflect  .   (no cloak)
rCorr    .         Harm     .   (no gloves)
MR       .....                  (no boots)
Stlth    ..........             g - amulet of rage
Regen    0.2/turn               m - ring of flight
MPRegen  0.2/turn               p - +5 ring of slaying

@: no status effects
A: permanent stasis, dig shafts and tunnels, four strong arms, antennae 3
a: Dig, Shaft Self, Evoke Flight


You were on level 2 of the Abyss.
You were not hungry.

You visited 1 branch of the dungeon, and saw 5 of its levels.
You visited the Abyss 1 time.

You collected 207 gold pieces.

Inventory:

Hand Weapons
 a - a +0 long sword (weapon)
 s - a +1 trident of freezing
Armour
 b - a +0 scale mail (worn)
 c - a +1 shield (worn)
Jewellery
 g - an amulet of rage (around neck)
 m - a ring of flight (left hand)
 p - a +5 ring of slaying (right hand)
Wands
 d - a wand of enslavement (18/24)
Scrolls
 i - 5 scrolls of identify
Potions
 e - a potion of curing
 h - a potion of heal wounds {unknown}
 j - 2 potions of resistance
 o - 2 potions of invisibility
 q - a potion of lignification
Comestibles
 f - 3 bread rations
 k - 3 royal jellies
 n - a fruit
 r - a meat ration


   Skills:
 + Level 4.3 Fighting
 + Level 5.6 Long Blades
 + Level 5.1 Armour
 + Level 1.5 Dodging
 + Level 6.2 Shields


You had 7 spell levels left.
You didn't know any spells.

Dungeon Overview and Level Annotations

Branches:
Dungeon (5/15)
 Temple: D:4-7

Altars:
Fedhas
Hepliaklqana
Okawaru
Qazlal

Annotations:
D:5 Dowan, Duvessa


Innate Abilities, Weirdness & Mutations

You cannot be hasted, slowed, berserked, paralysed or teleported.
You can dig through walls and to a lower floor.
Your four strong arms can wield two-handed weapons with a shield.
You have a pair of large antennae on your head. (SInv)


Message History

A spatial vortex comes into view.
A spatial vortex comes into view. 2 spatial vortices come into view.
A spatial vortex comes into view.
The spatial vortex moves out of view.
A small abomination comes into view.
A spatial vortex comes into view.
A spatial vortex comes into view.
The spatial maelstrom hits you! Space warps horribly around you!
The spatial maelstrom closely misses you.
The spatial maelstrom hits you!
* * * LOW HITPOINT WARNING * * *
You feel a strange sense of stasis.
The spatial maelstrom barely misses you.
A spatial vortex comes into view.
You extend your mandibles.
You dig through the rock wall.
You block the spatial maelstrom's attack. x2
You retract your mandibles.
The spatial vortex hits you!
You die...

.....#..## ..
#.#v.##....# #
....v.##..#..#
#.v.##v..#x...#
#v..# #..##v##.#
##.v###.##..#{#x#
. #.........x#
##...
#.....#vv#...##.
..... #.@........
#......v......##
#.....###.....#
###.## ....... #
....... .......
#..#..# ###.#.


You could see a spatial maelstrom, 3 spatial vortices and 2 small abominations.

Vanquished Creatures
  3 ogres (D:4)
  A scorpion (D:4)
  2 hounds
  A bullfrog skeleton (D:5)
  An iguana (D:4)
  5 worker ants
  A howler monkey skeleton (D:4)
  13 adders
  3 oozes
  An adder skeleton (D:4)
  2 worms
  A dart slug (D:1)
  5 leopard geckos
  2 orcs
  5 bats
  8 giant cockroaches
  10 goblins
  7 hobgoblins
  8 jackals
  A ball python (D:4)
  4 frilled lizards
  10 kobolds
  9 rats
103 creatures vanquished.

Notes
Turn   | Place    | Note
-------+----------+-------------------------------------------
     0 | D:1      | Plasmagod the Formicid Fighter began the quest for the Orb.
     0 | D:1      | Reached XP level 1. HP: 18/18 MP: 1/1
    38 | D:1      | Reached XP level 2. HP: 9/24 MP: 2/2
   498 | D:1      | Reached skill level 4 in Shields
   498 | D:1      | Reached XP level 3. HP: 27/29 MP: 3/3
   777 | D:2      | Reached XP level 4. HP: 36/37 MP: 4/4
  1178 | D:2      | Reached XP level 5. HP: 42/42 MP: 5/5
  2124 | D:3      | Reached XP level 6. HP: 25/48 MP: 6/6
  2562 | D:4      | Noticed an ogre
  2572 | D:4      | Reached skill level 5 in Shields
  2575 | D:4      | Killed an ogre
  2575 | D:4      | Reached skill level 1 in Dodging
  2623 | D:4      | Found a stormy altar of Qazlal.
  2627 | D:4      | Noticed an ogre
  2627 | D:4      | Found a blossoming altar of Fedhas.
  2636 | D:4      | Killed an ogre
  2636 | D:4      | Reached XP level 7. HP: 47/54 MP: 7/7
  2796 | D:4      | Reached skill level 5 in Long Blades
  2896 | D:4      | Found a hazy altar of Hepliaklqana.
  2905 | D:4      | Reached skill level 5 in Armour
  3110 | D:4      | Found an iron altar of Okawaru.
  3295 | D:5      | Entered Level 5 of the Dungeon
  3305 | D:5      | Reached skill level 6 in Shields
  3305 | D:5      | Reached XP level 8. HP: 52/60 MP: 8/8
  3406 | D:5      | Noticed Dowan
  3408 | D:5      | Noticed Duvessa
  3429 | D:5      | Cast into level 2 of the Abyss (Duvessa)
  3430 | Abyss:2  | Noticed a flayed ghost
  3449 | Abyss:2  | Noticed a ynoxinul
  3469 | Abyss:2  | Found a corrupted altar of Lugonu.
  3519 | Abyss:2  | Noticed a thrashing horror
  3536 | Abyss:2  | Noticed a shining eye
  3575 | Abyss:2  | Noticed a spatial maelstrom
  3586 | Abyss:2  | Mangled by a spatial vortex

Skill      XL: |  1  2  3  4  5  6  7 |
---------------+----------------------+-----
Shields        | 4 5 6 |  6.2
Long Blades    | 3 4 5 |  5.6
Armour         | 4 5 |  5.1
Fighting       | 4 |  4.3
Dodging        | 1 |  1.5

Action                   |  1- 3 |  4- 6 |  7- 9 || total
-------------------------+-------+-------+-------++-------
Melee: Long sword        |    86 |   188 |    78 ||   352
       Hand axe          |       |     8 |       ||     8
       Trident           |       |       |     4 ||     4
 Abil: Dig               |       |       |     4 ||     4
  Use: Potion            |     1 |       |     4 ||     5
       Scroll            |       |     5 |     1 ||     6
  Eat: Chunk             |       |     4 |     3 ||     7
       Fruit             |       |     2 |       ||     2
       Royal jelly       |       |       |     1 ||     1
Armor: Scale mail        |    43 |    77 |    29 ||   149
Dodge: Dodged            |    22 |    69 |    29 ||   120
Block: Shield            |    55 |   111 |    44 ||   210
       Rpst.: Long sword |     6 |    22 |     6 ||    34
